 Dungeon Crawl Stone Soup version 0.31-a0-819-gf6de2f5ab6 (webtiles) character file.

Game seed: 17891573098600065491

1197 qw the Skirmisher (level 8, -1/49 HPs)
             Began as a Gargoyle Hunter on Sept 23, 2023.
             Was an Initiate of Okawaru.
             Slain by Jeremiah
             ... wielding a +3 trident of draining
              (8 damage)
             ... on level 6 of the Dungeon.
             The game lasted 00:01:58 (4659 turns).

qw the Skirmisher (Gargoyle Hunter)                 Turns: 4659, Time: 00:01:59

Health: -1/49      AC: 16    Str: 16    XL:     8   Next: 44%
Magic:  11/11      EV: 12    Int:  9    God:    Okawaru [......]
Gold:   297        SH:  0    Dex: 15    Spells: 7/7 levels left

rFire   . . .        h - +0 orcbow
rCold   . . .        (shield currently unavailable)
rNeg    + . .        b - +2 leather armour {Will+}
rPois   inf          (no helmet)
rElec   +            i - +0 cloak
rCorr   .            d - +0 pair of gloves
SInv    .            m - +2 pair of boots
Will    ++...        (no amulet)
Stlth   ++           a - ring of willpower
HPRegen 0.28/turn    (no ring)
MPRegen 0.12/turn

%: no passive effects
@: about to teleport
A: sickness immunity, AC +5, negative energy resistance 1, electricity
resistance, torment resistance 1, petrification resistance
a: Renounce Religion


You were on level 6 of the Dungeon.
You worshipped Okawaru.
Okawaru was noncommittal.
You visited 1 branch of the dungeon, and saw 6 of its levels.

You collected 297 gold pieces.


Innate Abilities, Weirdness & Mutations

You are immune to sickness and miasma.
Your stone body is resilient. (AC +5)
You are immune to poison.
You resist negative energy. (rN+)
You are resistant to electric shocks. (rElec)
You are resistant to unholy torment.
You are immune to petrification.


   Skills:
 - Level 5.0 Fighting
 + Level 8.3 Ranged Weapons
 - Level 2.4 Armour
 - Level 2.0 Dodging
 - Level 1.1 Stealth
 - Level 4.4 Invocations


You had 7 spell levels left.
You didn't know any spells.
Your spell library was empty.

Inventory:

Hand Weapons
 h - a +0 orcbow (weapon)
Armour
 b - a +2 leather armour of willpower (worn)
 d - a +0 pair of gloves (worn)
 i - a +0 cloak (worn)
 m - a +2 pair of boots (worn)
Jewellery
 a - a ring of willpower (left hand)
Scrolls
 e - a scroll of identify
Potions
 g - 2 potions of enlightenment
 k - a potion of curing
 n - a potion of might

Dungeon Overview and Level Annotations

Branches:
Dungeon (6/15)             Temple (0/1) D:4

Altars:
Ashenzari
Dithmenos
Okawaru
The Shining One

Annotations:
D:6 Jeremiah


Message History

You shoot an arrow. The arrow barely misses Jeremiah.
Jeremiah hops!
The butterfly disappears in a burst of colours! x3
Enter note: You shoot an arrow.
The arrow hits the butterfly!
You kill the butterfly!
The butterfly disappears in a burst of colours!
The butterfly disappears in a burst of colours! x3
Jeremiah hops!
You shoot an arrow. The arrow hits Jeremiah.
Jeremiah is moderately wounded.
The butterfly disappears in a burst of colours!
Jeremiah hops!
The butterfly disappears in a burst of colours!
You shoot an arrow. The arrow hits Jeremiah!
Jeremiah is heavily wounded.
You start resting.
The butterfly disappears in a burst of colours! x4
Jeremiah is nearby!
You shoot an arrow. The arrow hits Jeremiah!
Jeremiah is severely wounded.
The butterfly disappears in a burst of colours! x2
The butterfly disappears in a burst of colours!
The butterfly disappears in a burst of colours! x2
The butterfly disappears in a burst of colours!
Jeremiah shouts, "O dreadful one, destroy my foe!"
Something smites you!
The butterfly disappears in a burst of colours!
Enter note: The butterfly disappears in a burst of colours!
Jeremiah hits you from afar with a +3 trident of draining!
4658 ||| READING scroll of teleportation.
As you read the scroll of teleportation, it crumbles to dust.
You feel strangely unstable. Jeremiah hits you but does no damage.
The butterfly disappears in a burst of colours! x3
Jeremiah pinches themself.
Jeremiah hits you from afar with a +3 trident of draining!
You die...
Jeremiah asks, "Is it over?
Can I wake up now?"

#.# ###########.#
..........#.#
#############.#.#.#
#.............#.#.########
###.#########.#.#.........
#.##......#!#b..########
#.##.####.#bb...#######
#.##.#....#b@..bb.....#
#.##.#.#..bb###.#####'#####
#.##.#.#b..F....#.........#
#F##.#.#b.#b#####.#....%..#
#.##.#.#..#.b.....#.....(.#
#.##.#.#.#.((.............###
#.##.#.#>.b..)............)..
#.##.#.#..#.#...#.#.#.#######
#.##.#.#..#.#<#.#.#.#.#


You could see Jeremiah.

Vanquished Creatures
  Grinder (D:6)
  An ogre (D:5)
  A centaur (D:6)
  A kobold brigand (D:5)
  3 scorpions (D:6)
  4 hounds
  A jelly (D:5)
  2 orc priests (D:5)
  4 iguanas
  A sleepcap (D:4)
  Ijyb (D:3)
  Terence (D:3)
  2 orc wizards (D:5)
  3 gnolls (D:3)
  3 adders
  An ufetubus (D:5)
  A worm (D:2)
  A dart slug (D:5)
  11 orcs
  9 ball pythons
  5 bats
  6 endoplasms
  4 goblins
  4 hobgoblins
  2 jackals (D:2)
  12 kobolds
  5 quokkas
  A frilled lizard (D:2)
  7 rats
98 creatures vanquished.

Vanquished Creatures (others)
  An orc wizard (D:5)
1 creature vanquished.

Grand Total: 99 creatures vanquished

Notes
Turn   | Place    | Note
-------+----------+-------------------------------------------
     0 | D:1      | qw the Gargoyle Hunter began the quest for the Orb.
     0 | D:1      | Reached XP level 1. HP: 12/12 MP: 1/1
     0 | D:1      | 0 ||| qw: Version: 0.3-a-83-gcd0e7d8
     0 | D:1      | 0 ||| qw: Game counter: 1706
     0 | D:1      | 0 ||| qw: Melee chars always use a shield: true
     0 | D:1      | 0 ||| qw: God list: Okawaru
     0 | D:1      | 0 ||| qw: Allow faded altars: false
     0 | D:1      | 0 ||| qw: Do Orc after clearing Dungeon:15 true
     0 | D:1      | 0 ||| qw: Do second Lair branch before Depths: true
     0 | D:1      | 0 ||| qw: Lair rune preference: random
     0 | D:1      | 0 ||| qw: Goals: Normal
     0 | D:1      | 0 ||| PLANNING D:1-11
    92 | D:1      | 92 ||| DROPPING scroll of butterflies.
   182 | D:1      | Reached XP level 2. HP: 17/17 MP: 2/2
   235 | D:1      | Found a faded altar of an unknown god.
   627 | D:1      | 627 ||| UPGRADING to +0 pair of boots.
   632 | D:1      | 632 ||| READING scroll labelled ATACKA GYENUC.
   633 | D:1      | 633 ||| READING 2 scrolls labelled IQODDE YREXA.
   634 | D:1      | 634 ||| READING scroll labelled VAFAMO VUELLIO.
   638 | D:1      | 638 ||| READING scroll labelled TEFEPE WEUJE.
   660 | D:2      | Reached XP level 3. HP: 21/21 MP: 3/3
   697 | D:2      | Reached skill level 5 in Ranged Weapons
  1228 | D:2      | Reached skill level 3 in Fighting
  1262 | D:2      | 1262 ||| UPGRADING to +0 pair of gloves.
  1267 | D:2      | 1267 ||| UPGRADING to ring of willpower.
  1268 | D:2      | 1268 ||| READING scroll labelled HEPEVV COTUAQA.
  1269 | D:2      | 1269 ||| READING scroll labelled UNUZXISUHO.
  1270 | D:2      | 1270 ||| READING scroll labelled LEULIM COOSM.
  1421 | D:3      | Reached XP level 4. HP: 23/28 MP: 4/4
  1513 | D:3      | Reached skill level 1 in Armour
  1543 | D:3      | Found a glowing golden altar of the Shining One.
  1546 | D:3      | Found a broken altar of Ashenzari.
  1548 | D:3      | Found an iron altar of Okawaru.
  1550 | D:3      | 1550 ||| PLANNING OKAWARU WORSHIP
  1550 | D:3      | 1550 ||| READING 3 scrolls of identify.
  1550 | D:3      | 1550 ||| IDENTIFYING murky sapphire potion
  1554 | D:3      | Became a worshipper of Warmaster Okawaru
  1555 | D:3      | 1555 ||| PLANNING D:1-11
  1723 | D:3      | Noticed Ijyb
  1726 | D:3      | Paralysed by Ijyb for 5 turns
  1735 | D:3      | Killed Ijyb
  1815 | D:3      | Noticed Terence
  1819 | D:3      | Killed Terence
  2009 | D:3      | Reached XP level 5. HP: 32/32 MP: 5/5
  2020 | D:3      | HP: 6/32 [gnoll/+0 flail (10)]
  2298 | D:3      | 2298 ||| READING scroll labelled AVAAWKIANG.
  2299 | D:3      | 2299 ||| READING scroll labelled YMEOQO MUDO.
  2341 | D:4      | Reached skill level 6 in Ranged Weapons
  2432 | D:4      | Reached XP level 6. HP: 38/38 MP: 6/6
  2491 | D:4      | Found a staircase to the Ecumenical Temple.
  2919 | D:4      | 2919 ||| UPGRADING to +0 ring mail.
  2929 | D:4      | 2929 ||| DROPPING +0 leather armour.
  2930 | D:4      | 2930 ||| UPGRADING to +0 cloak.
  2935 | D:4      | 2935 ||| UPGRADING to +2 pair of boots.
  2945 | D:4      | 2945 ||| DROPPING +0 pair of boots.
  2946 | D:4      | 2946 ||| DROPPING ring of magical power.
  2947 | D:4      | 2947 ||| READING 3 scrolls of identify.
  2947 | D:4      | 2947 ||| IDENTIFYING cyan potion
  2948 | D:4      | 2948 ||| READING 2 scrolls of identify.
  2948 | D:4      | 2948 ||| IDENTIFYING smoky cyan potion
  2977 | D:5      | Entered Level 5 of the Dungeon
  3047 | D:5      | Reached * piety under Okawaru
  3192 | D:5      | Reached skill level 7 in Ranged Weapons
  3192 | D:5      | Reached XP level 7. HP: 43/43 MP: 7/7
  3243 | D:5      | 3243 ||| INVOKING Heroism.
  3246 | D:5      | Reached skill level 1 in Invocations
  3483 | D:5      | 3483 ||| UPGRADING to +2 leather armour of willpower.
  3503 | D:5      | 3503 ||| UPGRADING to +2 leather armour of willpower.
  3513 | D:5      | 3513 ||| DROPPING +0 ring mail.
  3651 | D:5      | 3651 ||| INVOKING Heroism.
  3825 | D:5      | Found a shadowy altar of Dithmenos.
  3946 | D:6      | 3946 ||| STAIRDANCE
  3957 | D:6      | 3957 ||| STAIRDANCE
  3962 | D:6      | 3962 ||| STAIRDANCE
  3985 | D:6      | 3985 ||| STAIRDANCE
  3994 | D:6      | 3994 ||| STAIRDANCE
  4062 | D:6      | Reached skill level 8 in Ranged Weapons
  4064 | D:6      | 4064 ||| INVOKING Heroism.
  4068 | D:6      | Reached XP level 8. HP: 19/48 MP: 6/10
  4183 | D:6      | 4183 ||| SWAPPING to +0 orcbow.
  4184 | D:6      | 4184 ||| DROPPING +0 heavy shortbow.
  4211 | D:6      | Reached skill level 3 in Invocations
  4272 | D:6      | Noticed Grinder
  4273 | D:6      | 4273 ||| INVOKING Heroism.
  4277 | D:6      | Killed Grinder
  4377 | D:6      | Noticed Jeremiah
  4380 | D:6      | 4380 ||| INVOKING Heroism.
  4389 | D:6      | 4389 ||| READING 2 scrolls of identify.
  4389 | D:6      | 4389 ||| IDENTIFYING smoky emerald potion
  4391 | D:6      | 4391 ||| FLEEEEING.
  4410 | D:6      | 4410 ||| INVOKING Heroism.
  4413 | D:6      | 4413 ||| FLEEEEING.
  4414 | D:6      | 4414 ||| FLEEEEING.
  4415 | D:6      | 4415 ||| FLEEEEING.
  4492 | D:6      | 4492 ||| FLEEEEING.
  4493 | D:6      | 4493 ||| FLEEEEING.
  4494 | D:6      | 4494 ||| FLEEEEING.
  4513 | D:6      | 4513 ||| FLEEEEING.
  4514 | D:6      | 4514 ||| FLEEEEING.
  4530 | D:6      | 4530 ||| FLEEEEING.
  4531 | D:6      | 4531 ||| FLEEEEING.
  4532 | D:6      | 4532 ||| FLEEEEING.
  4563 | D:6      | 4563 ||| DROPPING potion of degeneration.
  4579 | D:6      | 4579 ||| INVOKING Heroism.
  4597 | D:6      | Paralysed by Jeremiah for 4 turns
  4598 | D:6      | HP: 12/49 [Jeremiah/+3 trident of draining (5)]
  4657 | D:6      | HP: 7/49 [Jeremiah/+3 trident of draining (10)]
  4658 | D:6      | 4658 ||| READING scroll of teleportation.
  4659 | D:6      | Slain by Jeremiah

Levels and vault maps discovered:
D:1:      saegor_arrival_simple_b, layout_loops_ring,
          ebering_ecumenical_altar_mist, serial_glass, glass_columns_c,
          glass_columns_c, item_on_display_a, reono_crystal_passage
D:2:      layout_loops_cross
D:3:      layout_loops_corners, minitemple, uniq_ijyb, uniq_terence
D:4:      layout_loops_cross, minmay_temple_entry_statues_fountains,
          glass_columns_b
D:5:      layout_cave_pods, general_overflow_altar, serial_rivers,
          chequers_serial_rivers_small_3, chequers_serial_rivers_micro_b,
          chequers_serial_rivers_room_a, chequers_serial_rivers_micro_e,
          chequers_serial_rivers_micro_e, chequers_serial_rivers_micro_c
D:6:      layout_basic, pf_just_have_faith, nicolae_qazlal_scattered_showers,
          grunt_decor_junction, uniq_grinder, uniq_jeremiah

Skill      XL: |  1  2  3  4  5  6  7  8 |
---------------+-------------------------+-----
Ranged Weapons | 5 6 7 8 |  8.3
Fighting       | 3 4 5 |  5.0
Armour         | 1 2 |  2.4
Invocations    | 2 4 |  4.4
Dodging        | 2 |  2.0
Stealth        | |  1.1

Action                     |  1- 3 |  4- 6 |  7- 9 || total
---------------------------+-------+-------+-------++-------
   Fire: Shortbow          |    86 |   140 |    70 ||   296
         Orcbow            |       |       |    38 ||    38
 Invoke: Heroism           |       |       |     7 ||     7
    Use: Scroll            |     7 |     5 |     2 ||    14
 Armour: Leather armour    |    13 |    50 |    53 ||   116
         Ring mail         |       |    17 |    27 ||    44
  Dodge: Dodged            |    11 |    50 |    51 ||   112

Table legend:
 A = Non-vault XP
 B = Vault XP
 C = Vault XP percentage of total XP
 D = Non-vault monster count
 E = Vault monster count
 F = Vault count percentage of total count
                 A         B        C        D         E       F
            +---------+---------+-------+---------+---------+-------
      Total |    1372 |     339 |  19.8 |      96 |       3 |   3.0
            +---------+---------+-------+---------+---------+-------
        D:1 |      26 |       0 |   0.0 |      16 |       0 |   0.0
        D:2 |      48 |       0 |   0.0 |      19 |       0 |   0.0
        D:3 |      65 |      72 |  52.6 |      15 |       2 |  11.8
        D:4 |     221 |       0 |   0.0 |      14 |       0 |   0.0
        D:5 |     610 |       0 |   0.0 |      24 |       0 |   0.0
        D:6 |     402 |     267 |  39.9 |       8 |       1 |  11.1
            +---------+---------+-------+---------+---------+-------
